 Dungeon Crawl Stone Soup version 0.17-a0-1880-gacf7e67 (webtiles) character file.

45461 Goblin1989 the Nimble (level 14, 0/140 HPs)
             Began as a Troll Fighter on Sept 21, 2015.
             Was a High Priest of Okawaru.
             Slain by a warg (12 damage)
             ... led by an orc warlord
             ... on level 3 of the Orcish Mines.
             The game lasted 01:42:20 (23528 turns).

Goblin1989 the Nimble (Troll Fighter)              Turns: 23528, Time: 01:42:20

Health: 0/140      AC: 10    Str: 27    XL:     14   Next: 1%
Magic:  10/16      EV: 17    Int:  4    God:    Okawaru [*****.]
Gold:   1683       SH: 13    Dex: 13    Spells: 0 memorised, 13 levels left

rFire  + + .     SeeInvis .       - Unarmed
rCold  . . .     Clarity  .     p - +0 troll leather armour {Snorg}
rNeg   . . .     SustAt   +     b - +0 shield
rPois  .         Gourm    +     (helmet restricted)
rElec  .         Spirit   .     L - +0 cloak {rF+}
rCorr  .         Warding  .     (gloves unavailable)
rMut   .         Stasis   .     (boots unavailable)
MR     +....                    E - amulet of rage
Stlth  ++........               h - ring of protection from fire
                                R - ring of sustain attributes

@: lethally poisoned (0 -> -1), heroism, finesse, somewhat resistant to hostile
enchantments, unstealthy
A: unfitting armour, claws 3, fast metabolism 3, gourmand, regeneration 2,
shaggy fur 1, tough skin 2
a: Heroism, Finesse, Renounce Religion, Evoke Berserk Rage


You were on level 3 of the Orcish Mines.
You worshipped Okawaru.
Okawaru was extremely pleased with you.
You were very full.

You visited 4 branches of the dungeon, and saw 23 of its levels.
You also visited: Volcano.

You collected 1683 gold pieces.

Inventory:

Missiles
 j - 5 large rocks (quivered)
 m - 14 poisoned javelins
 r - 6 javelins of penetration
 y - 4 javelins
 N - 2 throwing nets
Armour
 b - a +0 shield (worn)
 p - a +0 troll leather armour (worn) {Snorg}
 L - a +0 cloak of fire resistance (worn)
Jewellery
 h - a ring of protection from fire (right claw)
 E - an amulet of rage (around neck)
 R - a ring of sustain attributes (left claw)
Magical devices
 a - a wand of frost (8)
 q - a wand of fire (5)
 T - a wand of teleportation (5)
 V - a wand of teleportation (0)
Scrolls
 f - 2 scrolls of remove curse
 k - a scroll of fog
 l - 10 scrolls of teleportation
 B - a scroll of summoning
 M - a scroll of fear {unknown}
 Y - a scroll of blinking {unknown}
Potions
 c - 4 potions of might
 e - a potion of agility
 i - 4 potions of heal wounds
 n - a potion of invisibility
 s - 6 potions of curing
 z - 3 potions of flight
 G - a potion of berserk rage
 I - 2 potions of resistance
 K - 2 potions of haste
Comestibles
 d - 7 bread rations
 g - a beef jerky
 o - 4 chunks of flesh


   Skills:
 - Level 9.0(14.0) Fighting
 + Level 8.7(13.7) Throwing
 * Level 6.9(11.9) Armour
 - Level 10.0(15.0) Dodging
 - Level 9.1(14.1) Shields
 + Level 9.7(14.7) Unarmed Combat
 - Level 5.2 Invocations


You had 13 spell levels left.
You didn't know any spells.

Dungeon Overview and Level Annotations

Branches:
Dungeon (11/15)            Temple (1/1) D:4            Lair (8/8) D:11
  Swamp (0/4) Lair:6       Spider (0/4) Lair:4          Orc (3/4) D:9
    Elf (0/3) Orc:3
  Slime: Lair:6-8

Altars:
Ashenzari
Cheibriados
Dithmenos
Elyvilon
Fedhas
Gozag
Kikubaaqudgha
Makhleb
Nemelex Xobeh
Okawaru
Qazlal
Ru
Sif Muna
Trog
Vehumet
Xom
Yredelemnul
Zin
The Shining One
Beogh

Shops:
D:8 %   Orc:2 (

Annotations:
D:6 1 runed door


Innate Abilities, Weirdness & Mutations

You are too large for most types of armour.
You have claws for hands.
Your metabolism is lightning-fast.
You like to eat raw meat.
You heal very quickly.
You are covered in fur (AC +1).
You have very tough skin (AC +2).


Message History

Press: ? - help, Shift-Dir - straight line, f - you Nothing appears to happen.
You feel sick. You block the warg's attack.
The orc knight roars a battlecry!
The orc goes into a battle-frenzy!
The orc knight misses you.
You mangle the orc knight!!
You kill the orc knight!
Okawaru accepts your kill.
You have reached level 14!
You mangle the orc!!
You kill the orc!
You block the warg's attack.
You feel sick. You block the orc's attack.
The orc warrior hits you with a dire flail!
* * * LOW HITPOINT WARNING * * *
Items here: $ )) [ † a club; a battleaxe of venom; a plate armour; 38 gold pieces; an orc corpse An orc comes into view.
It is wielding a trident.
You feel sick. You block the orc's attack. The warg bites you!
You die...

###<>.........
##.#.....#.... ## .≈ .
#.............. .#....
... #..........##..
...... .... ##.....#.###
.....# #...###.....###
###### #..............
### ###o...........
..#### #####@#......#
....o#########oho#.....##
...o.o..o35.oh#.###...##
........ooo4o#### ####
........o54oo#
##.#..#..o#o##
#############


You could see 2 hellwings, 2 wargs, an orc sorcerer, 3 orc warriors, 5 orcs and
an ufetubus.

Vanquished Creatures
  An orc warlord (Orc:3)
  Snorg (Orc:1)
  Josephine (Orc:2)
  A catoblepas (Lair:3)
  Erica (Orc:1)
  5 hydras
  The ghost of Loris the Thaumaturge, a powerful DEFE of Vehumet (Lair:1)
  2 death yaks
  Urug (Lair:1)
  2 hill giants (D:11)
  A swamp dragon (Lair:6)
  Pikel (D:8)
  2 orc knights (Orc:3)
  An ugly thing (D:10)
  A wolf spider (Lair:6)
  A centaur zombie (D:10)
  3 black mambas
  A torpor snail (Lair:7)
  A gargoyle (D:11)
  5 komodo dragons
  18 spiny frogs
  5 fire drakes
  3 polar bears
  3 trolls
  Prince Ribbit (D:7)
  A two-headed ogre (D:11)
  3 blink frogs (Lair:2)
  21 yaks
  2 flying skulls (Volcano)
  Sigmund (D:5)
  A wyvern (Lair:8)
  A deep elf mage (D:9)
  3 vampires (Volcano)
  A deep elf fighter (D:11)
  A hungry ghost (D:9)
  3 wraiths (Orc:2)
  Eustachio (D:5)
  A steam dragon (Lair:5)
  2 basilisks (Lair:6)
  5 hippogriffs
  3 wolves (Lair:2)
  Edmund (D:5)
  A warg (Orc:1)
  19 orc warriors
  14 porcupines
  16 water moccasins
  A black bear (D:11)
  3 ice beasts
  A phantom (D:7)
  8 ogres
  A swamp drake (D:9)
  A wasp (Lair:5)
  10 centaurs
  19 crocodiles
  4 big kobolds
  16 giant frogs
  A wyvern zombie (D:9)
  8 killer bees
  8 scorpions
  A giant frog zombie (D:10)
  4 crimson imps
  The ghost of Goblin1989 the Ruffian, a weakling VSMo of Makhleb (D:3)
  8 hounds
  17 orc priests
  21 orc wizards
  Crazy Yiuf (D:2)
  A quasit (D:8)
  6 worker ants
  3 centaur skeletons
  2 giant frog skeletons
  3 gnoll shamans
  9 iguanas
  7 sheep (Lair:1)
  2 hound skeletons (D:5)
  A mummy (Volcano)
  19 adders
  22 gnolls
  30 river rats
  5 shadow imps
  An ooze (D:4)
  A worm (D:2)
  An adder skeleton (D:6)
  6 giant geckos
  148 orcs
  2 ball pythons
  9 giant cockroaches
  9 hobgoblins
  7 jackals
  21 kobolds
  5 quokkas
  9 bats
  A giant gecko skeleton (D:6)
  4 giant newts
  8 goblins
  A jackal zombie (D:6)
  19 rats
660 creatures vanquished.

Vanquished Creatures (others)
  An orc priest (D:9)
  A worker ant (D:8)
  An adder (D:8)
  An orc (Orc:1)
  2 kobolds (D:8)
  13 fungi
  8 plants
27 creatures vanquished.

Grand Total: 687 creatures vanquished

Notes
Turn   | Place    | Note
--------------------------------------------------------------
     0 | D:1      | Goblin1989 the Troll Fighter began the quest for the Orb.
     0 | D:1      | Reached XP level 1. HP: 22/22 MP: 0/0
   200 | D:1      | Reached XP level 2. HP: 29/29 MP: 1/1
   302 | D:1      | Reached skill level 3 in Unarmed Combat
   867 | D:2      | Reached XP level 3. HP: 36/36 MP: 2/2
  1068 | D:2      | Reached skill level 4 in Unarmed Combat
  1515 | D:2      | Reached XP level 4. HP: 41/44 MP: 3/3
  1591 | D:2      | Noticed Crazy Yiuf
  1598 | D:2      | Killed Crazy Yiuf
  2035 | D:3      | Noticed Goblin1989's ghost (weakling VSMo)
  2421 | D:3      | Reached skill level 5 in Unarmed Combat
  2599 | D:4      | Reached XP level 5. HP: 50/50 MP: 4/4
  2788 | D:4      | Found a staircase to the Ecumenical Temple.
  2807 | Temple   | Entered the Ecumenical Temple
  2875 | Temple   | Became a worshipper of Warmaster Okawaru
  2972 | D:4      | Reached skill level 6 in Unarmed Combat
  3106 | D:4      | Reached XP level 6. HP: 59/59 MP: 5/5
  3212 | D:4      | Found an ancient bone altar of Kikubaaqudgha.
  3212 | D:4      | Found a burning altar of Makhleb.
  3216 | D:4      | Found a basalt altar of Yredelemnul.
  3335 | D:4      | Found a stormy altar of Qazlal.
  3425 | D:5      | Entered Level 5 of the Dungeon
  3464 | D:5      | Noticed Eustachio
  3474 | D:5      | Killed Eustachio
  3474 | D:5      | Acquired Okawaru's first power
  3474 | D:5      | Reached skill level 7 in Unarmed Combat
  3527 | D:5      | Reached XP level 7. HP: 66/66 MP: 6/6
  3612 | D:5      | Noticed Sigmund
  3623 | D:5      | Killed Sigmund
  3623 | D:5      | Reached skill level 8 in Unarmed Combat
  4281 | D:5      | Noticed Edmund
  4289 | D:5      | Killed Edmund
  4289 | D:5      | Reached skill level 9 in Unarmed Combat
  4565 | D:5      | Reached XP level 8. HP: 73/75 MP: 7/7
  4903 | D:6      | Found a white marble altar of Elyvilon.
  4904 | D:6      | Found a runed door.
  4904 | D:6      | Noticed an angel
  4940 | D:6      | Reached skill level 5 in Fighting
  5708 | D:7      | Reached XP level 9. HP: 92/92 MP: 8/8
  6292 | D:7      | Found a glowing silver altar of Zin.
  6436 | D:7      | Noticed Prince Ribbit
  6451 | D:7      | Killed Prince Ribbit
  6451 | D:7      | Reached skill level 1 in Throwing
  6451 | D:7      | Reached skill level 1 in Armour
  7060 | D:8      | Reached XP level 10. HP: 82/107 MP: 9/9
  7322 | D:8      | Noticed Pikel
  7331 | D:8      | Killed Pikel
  7454 | D:8      | Found Ompats's Food Emporium.
  7800 | D:3      | Killed Goblin1989's ghost
  8284 | D:9      | Found a white marble altar of Elyvilon.
  8288 | D:9      | Found a shimmering altar of Xom.
  8538 | D:9      | Acquired Okawaru's second power
  8728 | D:9      | Reached skill level 5 in Shields
  8800 | D:9      | Found a staircase to the Orcish Mines.
  8978 | D:10     | Entered Level 10 of the Dungeon
  9265 | D:10     | Received a gift from Okawaru
  9467 | D:10     | Found a blossoming altar of Fedhas.
  9764 | D:10     | Noticed a brown ugly thing
  9779 | D:10     | Killed a brown ugly thing
  9779 | D:10     | Reached XP level 11. HP: 108/115 MP: 10/10
 10008 | D:11     | Noticed a hill giant
 10011 | D:11     | Noticed a seven-headed hydra
 10033 | D:11     | Found a staircase to the Lair.
 10046 | Lair:1   | Entered Level 1 of the Lair of Beasts
 10156 | Lair:1   | Reached skill level 5 in Dodging
 10346 | Lair:1   | Noticed Urug
 10365 | Lair:1   | Killed Urug
 10388 | Lair:1   | Got a shadowed robe
 10399 | Lair:1   | Identified the +1 robe of Intercession {*Confuse Regen+ Str+2} (You found it on level 1 of the Lair of Beasts)
 10696 | Lair:1   | Received a gift from Okawaru
 10958 | Lair:1   | Noticed Loris's ghost (powerful DEFE)
 10972 | Lair:1   | Killed Loris's ghost
 11551 | Lair:2   | Reached skill level 5 in Throwing
 12584 | Lair:2   | Received a gift from Okawaru
 12712 | Lair:3   | Noticed a five-headed hydra
 12722 | Lair:3   | Killed a five-headed hydra
 12722 | Lair:3   | Reached XP level 12. HP: 111/123 MP: 8/11
 12777 | Lair:3   | Received a gift from Okawaru
 13232 | Lair:3   | Noticed a catoblepas
 13244 | Lair:3   | Killed a catoblepas
 14085 | Lair:4   | Found a hole to the Spider Nest.
 14246 | Lair:4   | Noticed a five-headed hydra
 14261 | Lair:4   | Killed a five-headed hydra
 14920 | Lair:5   | Noticed a six-headed hydra
 14922 | Lair:5   | Killed a six-headed hydra
 14922 | Lair:5   | Received a gift from Okawaru
 14922 | Lair:5   | Reached skill level 1 in Invocations
 15436 | Lair:5   | Noticed a seven-headed hydra
 15440 | Lair:5   | Killed a seven-headed hydra
 15440 | Lair:5   | Received a gift from Okawaru
 16373 | Lair:6   | Found a staircase to the Swamp.
 16439 | Lair:6   | Found a dark tunnel.
 16505 | Volcano  | Entered a volcano
 17283 | Lair:6   | Reached XP level 13. HP: 127/131 MP: 14/14
 19647 | Lair:5   | Reached skill level 10 in Dodging
 19931 | Lair:7   | You fall through a shaft!
 19931 | Lair:8   | Entered Level 8 of the Lair of Beasts
 19979 | Lair:8   | Received a gift from Okawaru
 20578 | D:11     | Killed a hill giant
 20578 | D:11     | Reached skill level 5 in Armour
 20643 | D:11     | Killed a seven-headed hydra
 20643 | D:11     | Reached skill level 5 in Invocations
 20862 | D:11     | Received a gift from Okawaru
 21560 | Orc:1    | Entered Level 1 of the Orcish Mines
 21560 | Orc:1    | Noticed Snorg
 21567 | Orc:1    | Noticed Erica
 21576 | Orc:1    | Killed Snorg
 21603 | Orc:1    | Killed Erica
 22158 | Orc:2    | Found Riapudoneu's Weapon Boutique.
 22182 | Orc:2    | Received a gift from Okawaru
 22311 | Orc:2    | Noticed Josephine
 22347 | Orc:2    | Killed Josephine
 22765 | Orc:2    | You fall through a shaft!
 22940 | Orc:2    | Upgraded the game from 0.17-a0-1863-g715b4b0 to 0.17-a0-1880-gacf7e67
 22986 | Orc:3    | Noticed an orc warlord
 23011 | Orc:3    | Received a gift from Okawaru
 23119 | Orc:3    | Found a staircase to the Elven Halls.
 23278 | Orc:3    | Found a roughly hewn altar of Beogh.
 23452 | Orc:3    | Noticed an orc warlord
 23514 | Orc:3    | Killed an orc warlord
 23525 | Orc:3    | Reached XP level 14. HP: 27/140 MP: 10/16
 23528 | Orc:3    | Slain by a warg

Vault maps used:
D:1:      minmay_arrival_diagonal_passages, minmay_hedge_maze
D:2:      serial_forest, infiniplex_forest_lined_4_way,
          infiniplex_forest_straight_3, infiniplex_forest_end_2,
          infiniplex_forest_straight_2, infiniplex_forest_lined_2,
          infiniplex_forest_lined_room_2, infiniplex_forest_join,
          infiniplex_forest_split, dk_noncrumbling_4, minivault_4,
          roderic_aztec_sauvastika, uniq_crazy_yiuf_cottage
D:3:      first_bread
D:4:      kennysheep_little_box, minitemple, temple_fountains,
          kennysheep_generic_room_3
D:5:      kennysheep_generic_room_14, uniq_edmund, uniq_sigmund, uniq_eustachio
D:6:      lemuel_angel_altar
D:7:      kennysheep_seaside_town, basic_altar, uniq_prince_ribbit1
D:8:      serial_shops, kennysheep_mini_moat, uniq_pikel
D:9:      grunt_temple_overflow_open, erik_orc_1
D:10:     hangedman_tree_tricks, minmay_variable_closet
D:11:     minmay_weird_star, grunt_lair_entry_elf_guard_hut,
          kennysheep_small_spiral, kennysheep_generic_room_10
Temple:   circular_temple_13
Lair:1:   st_stairs_10, uniq_urug
Lair:2:   grunt_megastairs_2, lemuel_fruit_fields
Lair:3:   grunt_forest_large_clearings
Lair:4:   dummy_spider_entry, bh_autumn_forest_stairs
Lair:5:   boulder_dual_corridor_run
Lair:6:   minmay_lair_venomous_thicket, minmay_swamp_entry_reptiles,
          serial_forest, infiniplex_forest_lined_corner,
          infiniplex_forest_clump_small, infiniplex_forest_clump_long,
          infiniplex_forest_clump_long, infiniplex_forest_clump_diagonal,
          infiniplex_forest_end_3, enter_volcano_1, lemuel_fruit_tree
Lair:8:   grunt_lair_end_beastmaster, minmay_slime_entry_oklob_open,
          serial_bayou_shore_b, infiniplex_staircase_pool_2
Orc:1:    uniq_snorg, uniq_erica, uniq_erolcha
Orc:2:    serial_shops, shop, uniq_josephine
Orc:3:    basic_altar, nicolae_orc_pool_cavern, minmay_orc_treasury
Volcano:  volcano_tomb

Action                   |  1- 3 |  4- 6 |  7- 9 | 10-12 | 13-15 || total
-------------------------+-------+-------+-------+-------+-------++-------
Melee: Unarmed           |   128 |   120 |   354 |   967 |   797 ||  2366
 Fire: Blowgun           |       |       |       |     8 |       ||     8
Throw: Javelin           |       |       |     2 |    12 |     4 ||    18
       Large rock        |       |       |       |    15 |     7 ||    22
Invok: Heroism           |       |       |     1 |     8 |     7 ||    16
       Finesse           |       |       |       |       |     2 ||     2
Evoke: Wand              |       |       |       |       |     5 ||     5
  Use: Scroll            |       |     1 |     2 |       |    24 ||    27
       Potion            |       |       |     1 |     1 |     1 ||     3
 Stab: Sleeping          |       |     1 |     2 |     5 |       ||     8
  Eat: Chunk             |    18 |    14 |    34 |    94 |    58 ||   218
       Bread ration      |       |     1 |       |       |     1 ||     2
